 Dungeon Crawl Stone Soup version 0.28-a0-1395-g4f6bc678fa (webtiles) character file.

Game seed: 3435820558735708851

16 Deminshera the Magician (level 2, -1/21 HPs)
             Began as a Djinni Hedge Wizard on Jan 4, 2022.
             Slain by a quokka (2 damage)
             ... on level 1 of the Dungeon.
             The game lasted 00:01:51 (1210 turns).

Deminshera the Magician (Djinni Hedge Wizard)       Turns: 1210, Time: 00:01:51

Health: -1/21      AC:  2    Str:  9    XL:     2   Next: 75%
Gold:   14         EV: 12    Int: 15    God:
                   SH:  0    Dex: 12

rFire   + + .      SeeInvis .   a - +0 dagger
rCold   x . .      Faith    .   (no shield)
rNeg    . . .      Spirit   .   b - +0 robe
rPois   ∞          Reflect  .   c - +0 hat
rElec   .          Harm     .   (no cloak)
rCorr   .          Rampage  .   (no gloves)
Will    .....                   (boots unavailable)
Stlth   ++........              (no amulet)
HPRegen 0.07/turn               (no ring)
MPRegen 0.00/turn               (no ring)

@: flying
A: sickness immunity, fire resistance 2, cold vulnerability 1, float, innate
caster, hp casting, extra vitality 1
a: no special abilities


You were on level 1 of the Dungeon.
You visited 1 branch of the dungeon, and saw 1 of its levels.

You collected 14 gold pieces.

Inventory:

Hand Weapons
 a - a +0 dagger (weapon)
Armour
 b - a +0 robe (worn)
 c - a +0 hat (worn)
Scrolls
 d - a scroll of enchant armour {unknown}
 e - 3 scrolls of identify {unknown}


   Skills:
 - Level 2.1 Dodging
 - Level 2.0 Stealth
 + Level 2.9 Spellcasting


You couldn't memorise any spells.
You knew the following spells:

 Your Spells              Type           Power      Damage    Failure   Level
a - Magic Dart            Conj           40%        1d5       6%          1
b - Call Imp              Summ           10%        N/A       10%         2
c - Blink                 Tloc           20%        N/A       10%         2
d - Slow                  Hex            40%        N/A       6%          1
e - Conjure Flame         Conj/Fire      10%        6-21      19%         3
f - Mephitic Cloud        Conj/Pois/Air  10%        N/A       19%         3
Your spell library was empty.

Dungeon Overview and Level Annotations

Branches:
Dungeon (1/15)

Altars:


Innate Abilities, Weirdness & Mutations

You are immune to sickness and miasma.
You are immune to poison.
Your flesh is very heat resistant. (rF++)
You are vulnerable to cold. (rC-)
You float through the air rather than walking.
You learn spells naturally, not from books.
Your magical power is your life essence.
You have superior vitality. (+4 MHP)


Message History

The quokka barely misses you. The kobold hits you but does no damage.
The goblin hits your shadow imp but does no damage.
Your shadow imp misses the goblin.
The kobold hits your shadow imp with a +0 whip.
The goblin hits your shadow imp but does no damage.
The quokka closely misses your shadow imp.
Your shadow imp hits the goblin.
The quokka closely misses your shadow imp.
Your shadow imp closely misses the kobold.
The quokka bites your shadow imp. The kobold hits you but does no damage.
Your shadow imp misses the quokka.
The kobold hits your shadow imp with a +0 whip.
Your shadow imp dies!
Your shadow imp disappears in a puff of smoke!
The quokka barely misses you. The goblin barely misses you.
You see here a jackal corpse.
The quokka bites you.
Casting: Call Imp (safe; 10% risk of failure)
Confirm with . or Enter, or press ? or * to list all spells.
A beastly little devil appears in a puff of flame.
The quokka bites you. The goblin barely misses you.
The kobold hits you with a +0 whip. The quokka bites you.
Your crimson imp barely misses the quokka.
You hit the kobold.
The kobold is moderately wounded.
The quokka closely misses you. The kobold hits you with a +0 whip.
* * * LOW HITPOINT WARNING * * *
The goblin closely misses you.
Your crimson imp blinks!
The quokka bites you.
* * * LOW HITPOINT WARNING * * *
Your crimson imp hits the kobold.
The kobold misses your crimson imp.
Your crimson imp hits the kobold but does no damage.
The kobold hits your crimson imp with a +0 whip.
The quokka twitches its whiskers.
The kobold hits your crimson imp with a +0 whip.
The quokka barely misses you. The quokka bites you.
You die...

... #.... #.#. .#####.##
#....## #.##
#.......######.....###.#.
#.......................
#####.#.#####..#...#...#
#.#.##### #...#...'
#.....g.# ##'##...#
#######r###.# #.######
#......@###.# #.......
####......K.# #..#####
#.....#### #..#####
#.....# ###.#...# #...†.#
#...#.#.. #.....#
##.###.### #.....#
#....#....
#.....#......#..#.##.
#.....########..#..##


You could see a quokka and a kobold.

Vanquished Creatures
  A bat (D:1)
  A goblin (D:1)
  3 hobgoblins (D:1)
  A kobold (D:1)
  A ball python (D:1)
  3 rats (D:1)
10 creatures vanquished.

Vanquished Creatures (collateral kills)
  2 hobgoblins (D:1)
  2 jackals (D:1)
4 creatures vanquished.

Grand Total: 14 creatures vanquished

Notes
Turn   | Place    | Note
-------+----------+-------------------------------------------
     0 | D:1      | Deminshera the Djinni Hedge Wizard began the quest for the
                  | Orb.
     0 | D:1      | Reached XP level 1. HP: 15/15 MP: 0/0
   183 | D:1      | Reached XP level 2. HP: 10/21 MP: 0/0
  1201 | D:1      | HP: 1/21 [quokka (4)]
  1210 | D:1      | Slain by a quokka

Illustrated notes

Levels and vault maps discovered:
D:1:      psy_arrival_radial01, layout_basic, nicolae_ecumenical_snake_handling,
          minmay_hedge_maze

Skill      XL: |  1  2 |
---------------+-------+-----
Stealth        | 2 |  2.0
Dodging        | |  2.1
Spellcasting   | |  2.9

Action                   || total
-------------------------++-------
Melee: Dagger            ||    11
 Cast: Magic Dart        ||    19
       Call Imp          ||     4
Armor: Robe              ||     5
Dodge: Dodged            ||    27

Table legend: (Time is in decaauts)
 A = Elapsed time spent in this place.
 B = Non-inter-level travel time spent in this place.
 C = Inter-level travel time spent in this place.
 D = Time resting spent in this place.
 E = Time spent auto-exploring this place.
 F = Levels seen in this place.
 G = Mean time per level.
                   A        B        C        D        E       F      G
               +--------+--------+--------+--------+--------+-----+--------+
         Total |   1210 |   1210 |      0 |    800 |    296 |   1 | 1210.0 |
       Dungeon |   1210 |   1210 |      0 |    800 |    296 |   1 | 1210.0 |
               +--------+--------+--------+--------+--------+-----+--------+

Top non-repeatable levels by time:
     D:1: 1210 daAuts
